 Dungeon Crawl Stone Soup version 0.27.0-1-g7a089689b8 (webtiles) character file.

Game seed: 2924721687263823198

2891 dolemite99 the Cleaver (level 9, -4/91 HPs)
             Began as a Demonspawn Gladiator on Aug 6, 2021.
             Was a Believer of Makhleb.
             Killed from afar by an acid dragon (15 damage)
             ... with a splash of acid
             ... on level 7 of the Dungeon.
             The game lasted 00:16:01 (11823 turns).

dolemite99 the Cleaver (Demonspawn Gladiator)      Turns: 11823, Time: 00:16:01

Health: -4/91      AC: 20    Str: 21    XL:     9   Next: 48%
Magic:  9/9        EV:  2    Int:  9    God:    Makhleb [**....]
Gold:   3          SH:  0    Dex: 14    Spells: 8/8 levels left

rFire    . . .     SeeInvis .   a - +0 war axe (venom)
rCold    + . .     Faith    .   (no shield)
rNeg     + + +     Spirit   .   (armour currently unavailable)
rPois    +         Reflect  .   (helmet currently unavailable)
rElec    +         Harm     .   (cloak currently unavailable)
rCorr    .         Rampage  .   (gloves currently unavailable)
Will     .....     NoTele   +   (boots currently unavailable)
Stlth    +.........             (no amulet)
HPRegen  0.25/turn              c - ring "Koum" {rElec rPois rC+ Str+2, =R}
MPRegen  0.11/turn              h - +4 ring of evasion

@: confused, tree-form, ambrosia-drunk, corroded
A: stationary, stasis, torment immunity, boosted hp, (antennae 2), (large bone
plates 2), condensation shield
a: Renounce Religion, Minor Destruction


You were on level 7 of the Dungeon.
You worshipped Makhleb.
Makhleb was pleased with you.
You were a tree.
You visited 1 branch of the dungeon, and saw 8 of its levels.

You collected 403 gold pieces.
You spent 400 gold pieces at shops.

Inventory:

Hand Weapons
 a - a +0 war axe of venom (weapon)
 b - a +0 shortbow
 i - a +2 dagger of electrocution
 p - a +0 war axe
 t - a +0 hunting sling
 F - a +0 fustibalus
Missiles
 d - 3 throwing nets (quivered)
 l - 132 arrows
 m - 51 sling bullets
 n - 217 stones
 r - 7 javelins
 y - 13 boomerangs
Armour
 f - a +1 pair of boots (melded)
 k - a +3 chain mail (melded)
 u - a +0 plate armour
 x - a +1 cloak (melded)
 D - a +1 helmet
Magical Staves
 q - a staff of fire
Jewellery
 c - the ring "Koum" (left branch) {rElec rPois rC+ Str+2, =R}
   (You acquired it on level 6 of the Dungeon)

   [ring of poison resistance]

   Str:       It affects your strength (+2).
   rC:        It protects you from cold.
   rElec:     It insulates you from electricity.
   rPois:     It protects you from poison.
 h - a +4 ring of evasion (right branch)
Wands
 s - a wand of flame (19)
Scrolls
 e - 3 scrolls of immolation
 o - 2 scrolls of teleportation
 z - 3 scrolls of blinking
 A - a scroll of fog
 C - 2 scrolls of magic mapping
 E - a scroll of identify {@r1}
Potions
 j - 2 potions of cancellation
 w - a potion of brilliance


   Skills:
 - Level 2.1 Fighting
 + Level 12.1 Axes
 - Level 1.8 Throwing
 - Level 2.7 Dodging


You had 8 spell levels left.
You didn't know any spells.
Your spell library contained the following spells:

 Spells                   Type           Power      Damage    Failure   Level
 Animate Skeleton         Necr           0%         N/A       38%         1
 Apportation              Tloc           0%         N/A       38%         1
 Beastly Appendage        Tmut           0%         N/A       38%         1
 Corona                   Hex            0%         N/A       38%         1
 Summon Small Mammal      Summ           0%         N/A       38%         1
 Slow                     Hex            0%         N/A       52%         2
 Static Discharge         Conj/Air       0%         N/A       52%         2
 Wereblood                Tmut           0%         N/A       52%         2
 Call Canine Familiar     Summ           0%         N/A       77%         3
 Confusing Touch          Hex            0%         N/A       77%         3
 Spider Form              Tmut/Pois      0%         N/A       77%         3
 Stone Arrow              Conj/Erth      0%         3d7       77%         3
 Summon Guardian Golem    Hex/Summ       0%         N/A       77%         3
 Vampiric Draining        Necr           0%         2d6       77%         3
 Hailstorm                Conj/Ice       0%         3d3       99%         4
 Ice Form                 Ice/Tmut       0%         N/A       99%         4
 Bolt of Magma            Conj/Fire/Erth 0%         4d4       100%        5
 Lightning Bolt           Conj/Air       0%         1d11      100%        5
 Simulacrum               Ice/Necr       0%         N/A       100%        6
 Maxwell's Capacitive Co  Air            0%         ∞         100%        8
 Shatter                  Erth           0%         3d5*      100%        9


Dungeon Overview and Level Annotations

Branches:
Dungeon (8/15)             Temple (0/1) D:4
   Lair: D:8-11

Altars:
Dithmenos
Gozag
Hepliaklqana
Makhleb
Qazlal
Trog
Wu Jian

Shops:
D:1 ?   D:4 (

Annotations:
D:2 exclusion: downstairs


Innate Abilities, Weirdness & Mutations

You are a tree.
Your roots penetrate the ground, keeping you stationary.
You cannot be teleported.
You are immune to unholy pain and torment.
Your maximum health is greatly increased.
Your equipment is partially melded.
((You have a pair of antennae on your head.))
((You are mostly covered in large bone plates. (SH +6)))
A meltable shield of frost defends you. (SH +4)


Message History

The acid corrodes you!
You are splashed with acid!
* * * LOW HITPOINT WARNING * * *
You feel better.
The acid dragon bites you but does no damage.
You block the acid dragon's attack.
You feel better.
The acid dragon bites you but does no damage.
The acid dragon claws you.
* * * LOW HITPOINT WARNING * * *
You feel better. The acid dragon bites you!
* * * LOW HITPOINT WARNING * * *
You block the acid dragon's attack.
You barely miss the acid dragon.
The acid dragon is lightly wounded.
The acid dragon bites you but does no damage.
The acid dragon claws you but does no damage.
You hit the acid dragon but do no damage.
The acid dragon is lightly wounded.
The acid dragon spits acid at you.
The splash of acid hits you but does no damage.
You are splashed with acid!
* * * LOW HITPOINT WARNING * * *
It was a potion of ambrosia.
You are confused.
You feel invigorated.
The acid dragon bites you but does no damage.
The acid dragon claws you but does no damage.
You cannot move. (Use ctrl+direction or * direction to attack without moving.)
You cannot move. (Use ctrl+direction or * direction to attack without moving.)
The acid dragon bites you but does no damage.
The acid dragon claws you but does no damage.
The acid dragon bites you.
* * * LOW HITPOINT WARNING * * *
The acid dragon claws you but does no damage.
The acid dragon bites you!
* * * LOW HITPOINT WARNING * * *
The acid dragon claws you but does no damage.
The acid dragon spits acid at you. The splash of acid hits you!
You die...

#####.## ##§§.###..
#.# ##§#§#### ####.###
#.§.# #......# ###'##
#.##.#.# ##...##
#.##.#.# ##.....##
#.##.#.# ##.......#
#..D...###.........
#.♣......'.........
#.#....###.........
#.##.#.# ##.......#
#......# ##.....##
#.###### ####...##
##.## #...#+## ##...##
#.#.#.#
##.....######.#.#.##
#..!....##....#....###


You could see an acid dragon (catching breath).

Vanquished Creatures
  A centaur zombie (D:6)
  4 water moccasins
  A hornet zombie (D:7)
  An orc warrior (D:5)
  2 necrophages
  4 ogres
  5 centaurs
  2 bullfrogs (D:6)
  2 scorpions
  A vampire bat (D:5)
  A bullfrog zombie (D:5)
  A centaur skeleton (D:7)
  2 gnoll shamans
  5 orc priests
  An iguana (D:6)
  7 orc wizards
  A scorpion zombie (D:5)
  A howler monkey skeleton (D:5)
  8 gnolls
  7 adders
  A shadow imp (D:6)
  2 ufetubi
  3 worms
  2 dart slugs
  23 orcs
  8 endoplasms
  A giant cockroach (D:2)
  3 goblins
  5 hobgoblins
  10 jackals
  3 quokkas
  4 ball pythons
  13 bats
  2 frilled lizards (D:1)
  6 kobolds
  3 rats
  A spectral orc (D:7)
147 creatures vanquished.

Vanquished Creatures (others)
  3 plants (D:5)
3 creatures vanquished.

Grand Total: 150 creatures vanquished

Notes
Turn   | Place    | Note
-------+----------+-------------------------------------------
     0 | D:1      | dolemite99 the Demonspawn Gladiator began the quest for the
                  | Orb.
     0 | D:1      | Reached XP level 1. HP: 16/16 MP: 1/1
    86 | D:1      | Reached skill level 3 in Axes
    86 | D:1      | Gained mutation: You are partially covered in large bone
                  | plates. (SH +4) [demonic ancestry]
    86 | D:1      | Reached XP level 2. HP: 10/22 MP: 2/2
   584 | D:1      | Found Lekeda's Magic Scroll Boutique.
   608 | D:1      | Reached XP level 3. HP: 21/27 MP: 3/3
   963 | D:1      | Bought a scroll of identify for 20 gold pieces
  1342 | D:2      | Reached skill level 4 in Axes
  1516 | D:2      | Gained mutation: You have a pair of small antennae on your
                  | head. [demonic ancestry]
  1516 | D:2      | Reached XP level 4. HP: 14/33 MP: 4/4
  2461 | D:1      | Bought a scroll of teleportation for 30 gold pieces
  2461 | D:1      | Bought a scroll of identify for 20 gold pieces
  2550 | D:3      | Found a burning altar of Makhleb.
  2561 | D:3      | Became a worshipper of Makhleb the Destroyer
  2626 | D:3      | Found a faded altar of an unknown god.
  3105 | D:3      | Reached skill level 5 in Axes
  3111 | D:3      | Reached XP level 5. HP: 20/38 MP: 5/5
  3678 | D:1      | Bought a scroll of identify for 20 gold pieces
  3847 | D:4      | Noticed a necrophage
  3870 | D:4      | Killed a necrophage
  4865 | D:4      | Reached skill level 6 in Axes
  4865 | D:4      | Gained mutation: You are mostly covered in large bone
                  | plates. (SH +6) [demonic ancestry]
  4865 | D:4      | Reached XP level 6. HP: 38/44 MP: 6/6
  4902 | D:4      | Found Faqicah's Antique Weapon Emporium.
  5025 | D:4      | Found a staircase to the Ecumenical Temple.
  5070 | D:4      | Noticed a water moccasin
  5087 | D:4      | Killed a water moccasin
  5553 | D:5      | Entered Level 5 of the Dungeon
  5558 | D:5      | Found an opulent altar of Gozag.
  5746 | D:5      | Reached skill level 7 in Axes
  6034 | D:5      | Gained mutation: A meltable shield of frost defends you.
                  | (SH +4) [demonic ancestry]
  6034 | D:5      | Reached XP level 7. HP: 16/50 MP: 7/7
  6514 | D:5      | Reached skill level 8 in Axes
  7421 | D:5      | Found a bloodstained altar of Trog.
  7742 | D:5      | Gained mutation: You have a pair of antennae on your head.
                  | [demonic ancestry]
  7742 | D:5      | Reached XP level 8. HP: 55/56 MP: 8/8
  7778 | D:5      | Reached skill level 9 in Axes
  7814 | D:5      | Reached * piety under Makhleb
  8245 | D:1      | Bought a scroll of blinking for 75 gold pieces
  8245 | D:1      | Bought a scroll of fog for 20 gold pieces
  8249 | D:1      | Bought a scroll of teleportation for 30 gold pieces
  8394 | D:6      | Reached skill level 10 in Axes
  9221 | D:6      | Found a stormy altar of Qazlal.
  9552 | D:6      | Reached XP level 9. HP: 61/61 MP: 9/9
  9719 | D:6      | Reached skill level 11 in Axes
  9940 | D:1      | Bought a scroll of magic mapping for 35 gold pieces
 10095 | D:6      | Identified a scroll of acquirement
 10095 | D:6      | Acquired the ring "Koum" {rElec rPois rC+ Str+2}
 10719 | D:7      | Found a shadowy altar of Dithmenos.
 11112 | D:7      | Found a hazy altar of Hepliaklqana.
 11178 | D:7      | Reached ** piety under Makhleb
 11179 | D:7      | Found an ornate altar of the Wu Jian Council.
 11245 | D:7      | Reached skill level 12 in Axes
 11575 | D:1      | Bought 2 scrolls of blinking for 150 gold pieces
 11813 | D:7      | HP: 2/91 [acid (10)]
 11823 | D:7      | Killed from afar by an acid dragon

Illustrated notes

Levels and vault maps discovered:
D:1:      eino_arrival_cavern_e, layout_rooms, serial_shops, shop_scrolls,
          minivault_25
D:2:      layout_basic
D:3:      layout_basic, mainiacjoe_overflow_brackets,
          shapermc_ecumenical_altar_notcrosses, chequers_arboretum
D:4:      minmay_chambers_of_fours, layout_layer_cave,
          minmay_temple_entry_statues_fountains, serial_shops,
          nicolae_diamond_shop
D:5:      layout_loops_ring, kennysheep_mini_moat,
          mainiacjoe_overflow_small_starburst, corexii_shack,
          chequers_serial_rivers_large_a, roderic_batcave
D:6:      layout_cave_pools, mainiacjoe_overflow_six_doors_small
D:7:      layout_loops_corners, nicolae_hepliaklqana_monster_ancestors,
          old_standard_altar, grunt_dithmenos_smoke_and_mirrors,
          kennysheep_cross_room, st_stairs_6
D:8:      minmay_angry_zag, layout_gridville, amethyst_overflow_temple_binary,
          mainiacjoe_overflow_cross_hatched

Skill      XL: |  1  2  3  4  5  6  7  8  9 |
---------------+----------------------------+-----
Axes           | 3 4 5 6 7 8 10 12 | 12.1
Fighting       | |  2.1
Throwing       | |  1.8
Dodging        | |  2.7

Action                   |  1- 3 |  4- 6 |  7- 9 || total
-------------------------+-------+-------+-------++-------
Melee: War axe           |   100 |    66 |   232 ||   398
 Fire: Hunting sling     |       |   123 |    12 ||   135
       Shortbow          |       |       |    85 ||    85
Evoke: Wand              |       |       |     1 ||     1
  Use: Scroll            |     4 |     7 |     4 ||    15
       Potion            |       |     3 |     8 ||    11
Armor: Leather armour    |    13 |       |       ||    13
       Chain mail        |    38 |    62 |   157 ||   257
       Skin              |       |     2 |    13 ||    15
Dodge: Dodged            |    64 |    29 |    95 ||   188
Block: Other             |    22 |    30 |   158 ||   210
